 Dungeon Crawl Stone Soup version 0.27-a0-931-g5a74e75d8f (webtiles) character file.

Game seed: 318139173681204053

169 Alarkh the Ruffian (level 5, 40/41 HPs)
             Began as a Demonspawn Gladiator on Apr 10, 2021.
             Got out of the dungeon alive.
             The game lasted 00:02:01 (2072 turns).

Alarkh the Ruffian (Demonspawn Gladiator)           Turns: 2072, Time: 00:02:01

Health: 40/41      AC:  5    Str: 15    XL:     5   Next: 25%
Magic:  5/5        EV: 12    Int: 10    God:
Gold:   76         SH:  0    Dex: 14    Spells: 4/4 levels left

rFire    + . .     SeeInvis .     - Unarmed
rCold    . . .     Faith    .   (no shield)
rNeg     . . .     Spirit   .   a - +0 leather armour
rPois    .         Reflect  .   m - +2 hat
rElec    .         Harm     .   (no cloak)
rCorr    +         Rampage  .   (no gloves)
Will     .....                  (no boots)
Stlth    +.........             (no amulet)
HPRegen  0.13/turn              h - ring of protection from fire
MPRegen  0.09/turn              l - ring of resist corrosion

@: no status effects
A: spiny 1, sturdy frame 1
a: no special abilities


You escaped.
You visited 1 branch of the dungeon, and saw 3 of its levels.

You collected 76 gold pieces.

Inventory:

Missiles
 c - 3 throwing nets (quivered)
Armour
 a - a +0 leather armour (worn)
 b - a +0 helmet
 m - a +2 hat (worn)
Jewellery
 h - a ring of protection from fire (left hand)
 l - a ring of resist corrosion (right hand)
Scrolls
 d - a scroll of fear {unknown}
 e - a scroll of amnesia {unknown}
 f - a scroll of silence {unknown}
 g - a scroll of enchant weapon {unknown}
 i - a scroll of torment {unknown}
 j - a scroll of teleportation {unknown}
 k - a scroll of blinking {unknown}
 o - 2 scrolls of identify {unknown}
 r - a scroll of immolation {unknown}
Potions
 n - a potion of flight {unknown}
 p - a potion of curing {unknown}
 q - a potion of invisibility {unknown}


   Skills:
 + Level 3.5 Fighting
 - Level 1.7 Throwing
 - Level 2.6 Dodging
 * Level 4.7 Unarmed Combat


You had 4 spell levels left.
You didn't know any spells.
Your spell library contained the following spells:

 Spells                   Type           Power      Damage    Failure   Level
 Confusing Touch          Hex            0%         N/A       75%         3
 Gell's Gravitas          Tloc           0%         N/A       75%         3
 Petrify                  Tmut/Erth      0%         N/A       98%         4
 Metabolic Englaciation   Hex/Ice        0%         N/A       100%        5
 Yara's Violent Unravell  Hex/Tmut       0%         3d3       100%        5


Dungeon Overview and Level Annotations

Branches:
Dungeon (3/15)

Altars:


Innate Abilities, Weirdness & Mutations

You are partially covered in sharp spines.
Your movements are slightly less encumbered by armour. (ER -2)


Message History

You punch the orc!
You kill the orc!
You closely miss the orc priest. The orc priest hits you with a +0 club.
You barely miss the orc priest. The orc priest barely misses you.
You hit the orc priest.
The orc priest is lightly wounded.
The orc priest closely misses you.
You hit the orc priest but do no damage.
The orc priest is lightly wounded.
The orc priest barely misses you.
You hit the orc priest.
The orc priest is moderately wounded.
The orc priest is struck by your spines.
The orc priest closely misses you.
You punch the orc priest!
The orc priest is almost dead.
The orc priest looks encouraged for a moment.
You barely miss the orc priest.
The orc priest is almost dead.
The orc priest looks braver for a moment.
You hit the orc priest.
You kill the orc priest!
Items here: ( ))))) [[ ††.
(D) Dungeon
Where to? (Enter - D:3, ? - help)
What level of the Dungeon? (default 1, ? - help)
There is a stone staircase leading up here.
You climb upwards.
There is a stone staircase leading down here.
HP restored.
There is a stone staircase leading up here.
You climb upwards.
There is a stone staircase leading down here.
You enter the shallow water.
Moving in this stuff is going to be slow.
You enter the shallow water.
Moving in this stuff is going to be slow.
There is a staircase leading out of the dungeon here.
Are you sure you want to leave the Dungeon?
This will make you lose the game!
You have escaped!

#.≈.#.#.###.≈≈≈≈.######## #.
#.≈.#.#.#...≈...........# ##
#.≈.#.#.#.≈≈≈.#########.#
#####.≈.#.#...≈...........#.#####
...>..≈...#.≈≈≈.≈≈≈≈≈.###.#......
......≈≈≈.#.≈...≈...≈...#.#......
###.#.#.≈.#.≈.≈≈≈.≈.≈≈≈.###......
......#.≈...≈..[..≈...≈...#......
###.#[#.≈≈≈.≈≈≈.@.≈≈≈.≈≈≈.#......
##....#...≈...≈.....≈...≈.#......
##..#.###.≈≈≈.≈.≈≈≈.≈.#.≈.#......
##..#.#.#...≈...≈...≈.#.≈≈≈......
##..#.#.###.≈≈≈≈≈.≈≈≈.#...≈......
..[.#.#...........≈...#.#.≈.#####
##.##.#########.≈≈≈.#.#.#.≈.# #
................≈...#.#.#.≈.# #
##.##.######.≈≈≈≈.###.#.#.≈.# #


There were no monsters in sight!

Vanquished Creatures
  An orc priest (D:3)
  Natasha (D:2)
  An orc wizard (D:3)
  A hound skeleton (D:2)
  4 adders (D:2)
  2 worms (D:2)
  3 orcs (D:3)
  3 bats
  3 endoplasms
  2 giant cockroaches
  A goblin (D:1)
  3 hobgoblins
  A quokka (D:2)
  A ball python (D:2)
  A frilled lizard (D:1)
  6 kobolds
  5 rats
39 creatures vanquished.

Notes
Turn   | Place    | Note
-------+----------+-------------------------------------------
     0 | D:1      | Alarkh the Demonspawn Gladiator began the quest for the
                  | Orb.
     0 | D:1      | Reached XP level 1. HP: 16/16 MP: 1/1
   382 | D:1      | Reached skill level 3 in Unarmed Combat
   400 | D:1      | Gained mutation: You are partially covered in sharp spines.
                  | [demonic ancestry]
   400 | D:1      | Reached XP level 2. HP: 22/22 MP: 2/2
   805 | D:2      | Reached XP level 3. HP: 12/28 MP: 3/3
  1404 | D:2      | Reached skill level 4 in Unarmed Combat
  1404 | D:2      | Reached XP level 4. HP: 25/34 MP: 4/4
  1524 | D:2      | Noticed Natasha
  1532 | D:2      | Killed Natasha
  1978 | D:3      | Gained mutation: Your movements are slightly less
                  | encumbered by armour. (ER -2) [demonic ancestry]
  1978 | D:3      | Reached XP level 5. HP: 33/41 MP: 5/5
  2072 | D:$      | Got out of the dungeon alive.

Illustrated notes

Levels and vault maps discovered:
D:1:      psy_arrival_radial02, layout_basic
D:2:      layout_basic, guppyfry_early_lair_pool, uniq_natasha
D:3:      layout_rooms, chequers_ecumenical_altar_twisty

Skill      XL: |  1  2  3  4 |
---------------+-------------+-----
Unarmed Combat | 3 4 |  4.7
Fighting       | 3 |  3.5
Throwing       | |  1.7
Dodging        | |  2.6

Action                   |  1- 3 |  4- 6 || total
-------------------------+-------+-------++-------
Melee: Unarmed           |    77 |    55 ||   132
       Punch             |     3 |     1 ||     4
  Use: Potion            |     1 |     1 ||     2
 Stab: Sleeping          |     1 |       ||     1
Armor: Leather armour    |    13 |    12 ||    25
Dodge: Dodged            |    39 |    18 ||    57

Table legend: (Time is in decaauts)
 A = Elapsed time spent in this place.
 B = Non-inter-level travel time spent in this place.
 C = Inter-level travel time spent in this place.
 D = Time resting spent in this place.
 E = Time spent auto-exploring this place.
 F = Levels seen in this place.
 G = Mean time per level.
                   A        B        C        D        E       F      G
               +--------+--------+--------+--------+--------+-----+--------+
         Total |   2101 |   1935 |    166 |    472 |   1168 |   3 |  700.3 |
       Dungeon |   2101 |   1935 |    166 |    472 |   1168 |   3 |  700.3 |
               +--------+--------+--------+--------+--------+-----+--------+

Top non-repeatable levels by time:
     D:2: 1178 daAuts
     D:1: 832 daAuts
     D:3: 90 daAuts
